 Dungeon Crawl Stone Soup version 0.30.0-17-ge0270778cf (webtiles) character file.

Game seed: 8416731125581975147

275 browni3141 the Trooper (level 6, -5/67 HPs)
             Began as an Ogre Warper on May 22, 2023.
             Killed by divine providence
             ... invoked by an orc priest
              (13 damage)
             ... on level 3 of the Dungeon.
             The game lasted 00:04:35 (2843 turns).

browni3141 the Trooper (Ogre Warper)                Turns: 2843, Time: 00:04:36

Health: -5/67      AC:  3    Str: 18    XL:     6   Next: 24%
Magic:  8/10       EV: 15    Int: 14    God:
Gold:   158        SH:  0    Dex:  8    Spells: 7/11 levels left

rFire   . . .        Q - +1 mace (protect)
rCold   . . .        (no shield)
rNeg    . . .        b - +0 robe
rPois   .            (helmet restricted)
rElec   .            (no cloak)
rCorr   .            (gloves unavailable)
SInv    .            (boots unavailable)
Will    .....        (no amulet)
Stlth   +            P - +5 ring of evasion
HPRegen 0.31/turn    (no ring)
MPRegen 0.12/turn

%: no passive effects
@: no status effects
A: large, unfitting armour, tough skin 1
a: no special abilities


You were on level 3 of the Dungeon.
You visited 1 branch of the dungeon, and saw 3 of its levels.

You collected 158 gold pieces.

Inventory:

Hand Weapons
 a - a +0 mace
 Q - a +1 mace of protection (weapon)
 W - a +0 club
 Z - a +0 whip
Armour
 b - a +0 robe (worn)
Jewellery
 P - a +5 ring of evasion (left hand)
Scrolls
 c - a scroll of blinking
 K - a scroll of poison {unknown}
 N - a scroll of immolation {unknown}
 S - a scroll of identify {unknown}
 U - 3 scrolls of amnesia {unknown}
 X - 2 scrolls of teleportation {unknown}
 Y - a scroll of torment {unknown}
Potions
 H - 2 potions of heal wounds
 L - 2 potions of lignification
 M - a potion of mutation {unknown}
 O - 2 potions of brilliance {unknown}
 R - a potion of degeneration
 T - 2 potions of flight {unknown}
 V - a potion of haste {unknown}


   Skills:
 * Level 6.2 Fighting
 + Level 3.2 Maces & Flails
 - Level 1.0 Throwing
 + Level 2.8 Dodging
 - Level 3.0 Spellcasting
 - Level 3.0 Translocations


You had 7 spell levels left.
You knew the following spells:

 Your Spells              Type           Power      Damage    Failure   Level
l - Lesser Beckoning      Tloc           20%        N/A       10%         2
B - Blink                 Tloc           20%        N/A       10%         2

Your spell library contained the following spells:

 Spells                   Type           Power      Damage    Failure   Level
 Gell's Gravitas          Tloc           10%        N/A       19%         3
 Teleport Other           Tloc           10%        N/A       19%         3
 Vhi's Electric Charge    Tloc/Air       12%        N/A       34%         3
 Manifold Assault         Tloc           10%        N/A       52%         4


Dungeon Overview and Level Annotations

Branches:
Dungeon (3/15)

Altars:
Wu Jian

Annotations:
D:3 1 runed translucent door, Crazy Yiuf


Innate Abilities, Weirdness & Mutations

You are too large for most types of armour.
You have tough skin. (AC +1)


Message History

The orc is heavily wounded.
The orc barely misses you.
You hit the orc.
The orc is almost dead.
The orc barely misses you.
You closely miss the orc.
The orc is almost dead.
The orc closely misses you.
You hit the orc.
You kill the orc!
An orc comes into view. It is wielding a +0 falchion.
The orc closely misses you.
Things that are here:
a +0 flail; an orc corpse An orc priest comes into view.
It is wielding a +0 short sword.
The orc barely misses you.
There are monsters nearby!
You barely miss the orc. The orc misses you.
You barely miss the orc. The orc hits you with a +0 falchion.
The orc misses you.
Things that are here:
a +0 flail; an orc corpse The orc attacks as you move away!
The orc hits you with a +0 falchion.
The orc priest invokes the aid of Beogh against you.
Beogh smites you!
You see here a hobgoblin corpse.
You closely miss the orc. The orc closely misses you.
You barely miss the orc. The orc hits you with a +0 falchion.
You hit the orc.
The orc is moderately wounded.
The orc completely misses you.
You completely miss the orc.
The orc is moderately wounded.
The orc closely misses you. The orc barely misses you.
You hit the orc.
The orc is severely wounded.
The orc closely misses you.
You hit the orc.
You kill the orc!
You barely miss the orc. The orc closely misses you.
You hit the orc but do no damage. The orc closely misses you.
You hit the orc.
The orc is severely wounded.
The orc hits you with a +0 falchion.
You hit the orc but do no damage.
The orc is severely wounded.
The orc closely misses you.
The orc priest mumbles some strange prayers to Beogh against you.
Beogh smites you!
* * * LOW HITPOINT WARNING * * *
You hit the orc but do no damage.
The orc is severely wounded.
The orc hits you with a +0 falchion.
* * * LOW HITPOINT WARNING * * *
The orc closely misses you.
You barely miss the orc.
The orc is severely wounded.
The orc hits you with a +0 falchion.
* * * LOW HITPOINT WARNING * * *
You hit the orc.
You kill the orc!
The orc priest invokes the aid of Beogh against you.
You struggle to resist.
The orc priest begins to cast a cantrip, but forgets the words!
Casting: Lesser Beckoning (safe; 10% risk of failure)
Confirm with . or Enter, or press ? or * to list all spells.
You blink.
You aren't carrying any items that you can evoke.
Unknown command.
Throw: 2 darts (poison)
Press: ? - help, Q - select action, (/) - cycle Shift-Dir - straight line, f - orc priest
Aim: an orc priest, wielding a +0 short sword (57% to hit)
You throw a poisoned dart. The poisoned dart hits the orc priest.
The orc priest is poisoned.
Throw: dart (poison)
Press: ? - help, Q - select action, (/) - cycle Shift-Dir - straight line, f/p - orc priest
Aim: an orc priest, wielding a +0 short sword (poisoned, 57% to hit)
You throw a poisoned dart. The poisoned dart hits the orc priest.
Casting: Blink (safe; 10% risk of failure)
Confirm with . or Enter, or press ? or * to list all spells.
Okay, then.
Your +1 mace of protection hums with potential!
Q - a +1 mace of protection (weapon)
You closely miss the orc priest.
The orc priest is lightly wounded.
The orc priest hits you with a +0 short sword.
* * * LOW HITPOINT WARNING * * *
You barely miss the orc priest.
The orc priest is moderately wounded.
You feel stable enough to blink again. The orc priest barely misses you.
You barely miss the orc priest.
The orc priest is moderately wounded.
The orc priest looks more healthy.
The orc priest invokes the aid of Beogh against you.
Beogh smites you!
* * * LOW HITPOINT WARNING * * *
The orc priest calls down the wrath of Beogh upon you.
Beogh smites you!
You die...

.##.#.##.# .#.....#.######
..#<#.#.......####+####
##.....#####..........# #
###.#.### #..........#.#
.#......####....$....†#.####
..#.#.#............$.........
.#.....#####............####.
.##.#.###..).(.o@...~~###
.#.....##.#######...P♣#
.##.#.#...# #~♣..P♣
.#......### #~P~~.~~♣
.##.#.#.# ♣~~~~..~~♣
.#......# ~PPP~...~~P♣
.##.#.### ~~~~P~~~..~~P♣
.#..... ♣PP~~~~...~~♣♣
###.#.# ♣~~~~~♣...~PP


You could see an orc priest.

Vanquished Creatures
  Sigmund (D:2)
  An orc priest (D:3)
  2 adders (D:2)
  A worm (D:3)
  6 orcs (D:3)
  4 ball pythons
  6 bats
  13 endoplasms
  5 goblins
  4 hobgoblins
  2 jackals (D:2)
  2 kobolds (D:1)
  3 quokkas
  A frilled lizard (D:1)
  5 rats
56 creatures vanquished.

Notes
Turn   | Place    | Note
-------+----------+-------------------------------------------
     0 | D:1      | browni3141 the Ogre Warper began the quest for the Orb.
     0 | D:1      | Reached XP level 1. HP: 22/22 MP: 3/3
   112 | D:1      | Reached skill level 3 in Fighting
   211 | D:1      | Reached XP level 2. HP: 29/31 MP: 5/5
   419 | D:1      | Reached skill level 4 in Fighting
   442 | D:1      | Reached XP level 3. HP: 6/39 MP: 6/6
  1257 | D:2      | Noticed Sigmund
  1328 | D:2      | Learned a level 2 spell: Blink
  1331 | D:2      | Learned a level 2 spell: Lesser Beckoning
  1397 | D:2      | HP: 1/40 [Sigmund/puff of flame (5)]
  1418 | D:2      | Killed Sigmund
  1419 | D:2      | Reached skill level 5 in Fighting
  1419 | D:2      | Reached skill level 3 in Maces & Flails
  1419 | D:2      | Reached skill level 3 in Spellcasting
  1419 | D:2      | Reached skill level 3 in Translocations
  1419 | D:2      | Reached XP level 4. HP: 38/52 MP: 4/8
  1419 | D:2      | Reached XP level 5. HP: 42/59 MP: 4/9
  1628 | D:2      | Found an ornate altar of the Wu Jian Council.
  2209 | D:3      | Found a runed translucent door.
  2210 | D:3      | Noticed Crazy Yiuf
  2246 | D:3      | Reached XP level 6. HP: 67/67 MP: 10/10
  2329 | D:3      | Reached skill level 6 in Fighting
  2843 | D:3      | Killed from afar by an orc priest

Illustrated notes

Levels and vault maps discovered:
D:1:      minmay_arrival_widening_spiral_wide, layout_basic, st_stairs_8,
          minmay_close_crescents
D:2:      layout_basic, basic_altar, uniq_sigmund
D:3:      layout_basic, serial_bayou_ford_a, st_stairs_13,
          uniq_crazy_yiuf_cottage

Skill      XL: |  1  2  3  4  5  6 |
---------------+-------------------+-----
Fighting       | 3 4 5 6 |  6.2
Maces & Flails | 2 3 |  3.2
Spellcasting   | 3 |  3.0
Translocations | 3 |  3.0
Throwing       | |  1.0
Dodging        | |  2.8

Action                     |  1- 3 |  4- 6 || total
---------------------------+-------+-------++-------
  Melee: Mace              |    21 |     3 ||    24
         Club              |   128 |   139 ||   267
         Punch             |     1 |     1 ||     2
  Throw: Boomerang         |     7 |       ||     7
         Dart              |     2 |     2 ||     4
   Cast: Lesser Beckoning  |     1 |       ||     1
         Blink             |       |     1 ||     1
    Use: Potion            |     3 |       ||     3
 Armour: Robe              |    63 |    25 ||    88
         Skin              |     6 |       ||     6
  Dodge: Dodged            |   100 |   111 ||   211
